 Dungeon Crawl Stone Soup version 0.28-a0-796-gd4f0d3f9b2 (webtiles) character file.

Game seed: 6755416444208121779

60 Glokmah the Poker (level 4, -10/26 HPs)
             Began as a Tengu Gladiator on Nov 6, 2021.
             Was a Believer of Dithmenos.
             Killed by nerve-wracking pain
             ... invoked by an orc priest
              (11 damage)
             ... on level 3 of the Dungeon.
             The game lasted 00:07:26 (2144 turns).

Glokmah the Poker (Tengu Gladiator)                 Turns: 2144, Time: 00:07:27

Health: -10/26     AC:  5    Str: 14    XL:     4   Next: 6%
Magic:  5/5        EV: 13    Int:  8    God:    Dithmenos [**....]
Gold:   58         SH:  0    Dex: 17    Spells: 3/3 levels left

rFire   . . .      SeeInvis .   a - +3 rapier (drain)
rCold   . . .      Faith    .   (no shield)
rNeg    . . .      Spirit   .   b - +0 leather armour
rPois   .          Reflect  .   c - +0 hat
rElec   .          Harm     .   i - +0 cloak
rCorr   .          Rampage  .   f - +0 pair of gloves
Will    .....                   (boots unavailable)
Stlth   +.........              (no amulet)
HPRegen 0.08/turn               (no ring)
MPRegen 0.09/turn               (no ring)

@: confused, wreathed by umbra
A: beak, talons 3
a: Renounce Religion, Shadow Step


You were on level 3 of the Dungeon.
You worshipped Dithmenos.
Dithmenos was pleased with you.
You visited 1 branch of the dungeon, and saw 3 of its levels.

You collected 58 gold pieces.

Inventory:

Hand Weapons
 a - a +3 rapier of draining (weapon)
 j - a +0 dagger
 q - a +0 trident
Missiles
 d - 3 throwing nets (quivered)
 g - 15 poisoned darts
Armour
 b - a +0 leather armour (worn)
 c - a +0 hat (worn)
 f - a +0 pair of gloves (worn)
 i - a +0 cloak (worn)
Scrolls
 e - a scroll of fog {unknown}
 l - 2 scrolls of identify {unknown}
 m - a scroll of teleportation {unknown}
 p - a scroll of fear {unknown}
Potions
 h - a potion of magic {unknown}
 k - a potion of flight {unknown}
 n - a potion of might {unknown}
 o - a potion of attraction {unknown}


   Skills:
 + Level 2.3 Fighting
 * Level 0.7 Short Blades
 - Level 4.0 Polearms
 - Level 2.0 Throwing
 + Level 0.7 Armour
 + Level 3.9 Dodging
 * Level 1.0 Stealth


You had 3 spell levels left.
You didn't know any spells.
Your spell library contained the following spells:

 Spells                   Type           Power      Damage    Failure   Level
 Foxfire                  Conj/Fire      0%         2x1d4     50%         1
 Conjure Flame            Conj/Fire      0%         6-21      86%         3
 Inner Flame              Hex/Fire       0%         N/A       86%         3
 Flame Wave               Conj/Fire      0%         3d3       99%         4


Dungeon Overview and Level Annotations

Branches:
Dungeon (3/15)

Altars:
Dithmenos
Okawaru


Innate Abilities, Weirdness & Mutations

You have a beak for a mouth.
You have claws for feet.


Message History

The rat closely misses you.
The orc wizard shouts!
You hit the rat.
You kill the rat!
Dithmenos accepts your kill.
An orc priest comes into view. It is wielding a +0 club.
The orc wizard gestures at you while chanting.
You are confused.
The orc shouts!
The orc wizard casts a spell at you. The magic dart hits you.
You bump into the rock wall.
You miss the orc wizard. Your peck misses the orc wizard.
The orc wizard hits you with a +0 dagger.
The orc wizard points at you and mumbles some strange words.
You are more confused.
You are too confused!
You are too confused!
You are too confused!
You are too confused!
You are too confused!
You're too confused to move!
The orc wizard casts a spell at you. You resist with some effort.
The orc wizard hits you but does no damage.
The orc wizard hits you with a +0 dagger. x2
The orc wizard points at you and mumbles some strange words.
The magic dart hits you.
The orc wizard gestures wildly while chanting.
The orc wizard flickers and vanishes!
Deactivating autopickup; reactivate with Ctrl-A.
The orc wizard points at you and mumbles some strange words.
You resist with some effort. The orc priest hits you with a +0 club.
* * * LOW HITPOINT WARNING * * *
The orc wizard casts a spell at you. The magic dart hits you.
* * * LOW HITPOINT WARNING * * *
The orc priest calls down the wrath of Beogh upon you.
Pain shoots through your body!
You die...

............##.....# #.# .....
.g........#........# #.# ....>
..........##..##..####.####.....
.......................##.......
............###.......)..).....[
..o.......#..#..........#.......
.=.......g#.....#...........<...
.........o..#.####....##.###
.....##.oo.@#.# ###††...###
.........r..#.#######.......
....##...................... ..
#...#####.####......... ......
..............# .......#
..###........# ..####..
#<..##.### .#. #.# #.....###..#
#.....### #._#


You could see an orc priest, an orc wizard, an orc, a goblin and a rat.

Vanquished Creatures
  3 worms
  A dart slug (D:2)
  An orc (D:3)
  2 bats (D:1)
  4 endoplasms
  2 giant cockroaches
  6 goblins
  4 hobgoblins
  5 jackals (D:1)
  A quokka (D:1)
  2 ball pythons (D:1)
  3 frilled lizards (D:1)
  6 kobolds (D:1)
  3 rats
43 creatures vanquished.

Notes
Turn   | Place    | Note
-------+----------+-------------------------------------------
     0 | D:1      | Glokmah the Tengu Gladiator began the quest for the Orb.
     0 | D:1      | Reached XP level 1. HP: 12/12 MP: 2/2
   122 | D:1      | Found a faded altar of an unknown god.
   157 | D:1      | Prayed at the altar of an unknown god.
   157 | D:1      | Became a worshipper of Dithmenos the Shadowed
   157 | D:1      | Reached * piety under Dithmenos
   180 | D:1      | Reached XP level 2. HP: 17/17 MP: 3/3
   563 | D:1      | Reached XP level 3. HP: 19/21 MP: 4/4
   564 | D:1      | Reached skill level 4 in Polearms
   945 | D:1      | Reached ** piety under Dithmenos
  1952 | D:3      | Found an iron altar of Okawaru.
  1983 | D:3      | Reached skill level 1 in Stealth
  2044 | D:3      | Reached XP level 4. HP: 16/26 MP: 5/5
  2144 | D:3      | HP: 1/26 [orc wizard/magic dart (4)]
  2144 | D:3      | Killed from afar by an orc priest

Illustrated notes

Levels and vault maps discovered:
D:1:      dpeg_arrival_brainrot, layout_basic, basic_ecumenical_altar,
          minmay_misc_feat_tiny, chequers_mini_garden, serial_park_tiny_pond,
          minmay_split_cup_small
D:2:      layout_basic
D:3:      layout_rooms, overflow_temple_1_default

Skill      XL: |  1  2  3 |
---------------+----------+-----
Polearms       | 4 |  4.0
Stealth        | 1 |  1.0
Fighting       | |  2.3
Short Blades   | |  0.7
Throwing       | |  2.0
Armour         | |  0.7
Dodging        | |  3.9

Action                   |  1- 3 |  4- 6 || total
-------------------------+-------+-------++-------
Melee: Trident           |    83 |       ||    83
       Peck              |    15 |       ||    15
       Kick              |    26 |     1 ||    27
       Dagger            |    39 |     2 ||    41
       Rapier            |       |     5 ||     5
 Stab: Sleeping          |     1 |       ||     1
Armor: Leather armour    |    27 |     1 ||    28
Dodge: Dodged            |    72 |     3 ||    75

Table legend: (Time is in decaauts)
 A = Elapsed time spent in this place.
 B = Non-inter-level travel time spent in this place.
 C = Inter-level travel time spent in this place.
 D = Time resting spent in this place.
 E = Time spent auto-exploring this place.
 F = Levels seen in this place.
 G = Mean time per level.
                   A        B        C        D        E       F      G
               +--------+--------+--------+--------+--------+-----+--------+
         Total |   2155 |   2049 |    106 |    221 |   1422 |   3 |  718.3 |
       Dungeon |   2155 |   2049 |    106 |    221 |   1422 |   3 |  718.3 |
               +--------+--------+--------+--------+--------+-----+--------+

Top non-repeatable levels by time:
     D:1: 1151 daAuts
     D:2: 805 daAuts
     D:3: 198 daAuts
